[Event "Titled Tuesday Blitz January 31 Early 2023"]
[White "Roux, Baptiste"]
[Black "Wong, Yinn Long"]
[WhiteFideId "36017450"]
[BlackFideId "5707684"]
[WhiteElo "2300"]
[BlackElo "2371"]
[Result "0-1"]
[Round "11"]
[TimeControl "180+2"]
[Date "2023.01.31"]
[WhiteClock "0:00:12"]
[BlackClock "0:01:13"]

1. e4 c6 2. Nf3 d5 3. Nc3 Nf6 4. e5 Ne4 5. d4 Nxc3 6. bxc3 e6 7. Bd3 c5 8. O-O Nc6 9. a4 c4 10. Be2 f6 11. Bf4 Be7 12. exf6 Bxf6 13. Ne5 Nxe5 14. dxe5 Be7 15. Bg4 O-O 16. Bg3 Bd7 17. f4 Kh8 18. f5 exf5 19. Bf3 Be6 20. Rb1 Qd7 21. Kh1 b6 22. Bf4 Qxa4 23. Qe2 g5 24. Be3 g4 25. Bxd5 Bxd5 26. e6 Bf6 27. Bd4 Be4 28. e7 Rf7 29. Rbd1 Re8 30. Qe3 Qc6 31. Qg5 Bxd4 32. Rxd4 Bxg2+ 33. Kg1 Bxf1 34. Kxf1 Rfxe7 0-1


[Site "https://www.chess.com"]

[Event "Titled Tuesday Blitz January 31 Early 2023"]
[White "Girya, Olga"]
[Black "Cunha, Lucas Aguiar"]
[WhiteFideId "4195752"]
[BlackFideId "2125404"]
[WhiteElo "2402"]
[BlackElo "2309"]
[Result "0-1"]
[Round "11"]
[TimeControl "180+2"]
[Date "2023.01.31"]
[WhiteClock "0:00:01"]
[BlackClock "0:00:42"]

1. d4 Nf6 2. Nf3 c5 3. d5 b5 4. e4 Nxe4 5. Bd3 f5 6. Bxe4 fxe4 7. Ng5 Qb6 8. Nxe4 Qg6 9. Qf3 Bb7 10. c4 Na6 11. Nbc3 Nb4 12. Nxb5 Nc2+ 13. Kd1 Nxa1 14. Nc7+ Kd8 15. Nxa8 Bxa8 16. Be3 e6 17. Qf4 Kc8 18. Nd6+ Bxd6 19. Qxd6 Qd3+ 20. Bd2 Qxc4 21. b3 Qxd5 22. Qa6+ Bb7 23. Qxa7 Qxg2 24. Qxc5+ Bc6 25. Re1 Qf3+ 26. Kc1 Rf8 27. Kb2 Qxf2 28. Qxf2 Rxf2 29. Kc3 Nxb3 30. axb3 Rxh2 31. Bf4 Rf2 32. Be5 Rg2 33. Rf1 h5 0-1


[Site "https://www.chess.com"]

[Event "Titled Tuesday Blitz January 31 Early 2023"]
[White "Papayan, Oleg"]
[Black "Leiva, Gianmarco"]
[WhiteFideId "4193911"]
[BlackFideId "3804399"]
[WhiteElo "2253"]
[BlackElo "2392"]
[Result "0-1"]
[Round "11"]
[TimeControl "180+2"]
[Date "2023.01.31"]
[WhiteClock "0:00:02"]
[BlackClock "0:00:04"]

1. d4 Nf6 2. Nf3 b6 3. Bf4 e6 4. e3 c5 5. c3 Be7 6. h3 O-O 7. Nbd2 Ba6 8. c4 cxd4 9. exd4 d6 10. Be2 Nbd7 11. O-O Rc8 12. Qa4 Nb8 13. Rfd1 Qd7 14. Qxd7 Nbxd7 15. Kf1 d5 16. b3 Ba3 17. Ne5 Bb2 18. Nxd7 Nxd7 19. Rab1 Bxd4 20. Nf3 e5 21. Nxd4 exf4 22. cxd5 Bb7 23. Nb5 Rc2 24. a4 Ne5 25. Nd4 Rc5 26. Nb5 Rxd5 27. Nxa7 g5 28. f3 Kg7 29. Nb5 Rfd8 30. Nc3 Rd2 31. Ne4 Bxe4 32. fxe4 Kg6 33. b4 h5 34. a5 bxa5 35. bxa5 g4 36. hxg4 hxg4 37. Rxd2 Rxd2 38. Ra1 f3 39. gxf3 gxf3 40. Bb5 Ng4 41. a6 Rh2 42. Kg1 f2+ 43. Kf1 Rh1+ 44. Kg2 Rxa1 0-1


[Site "https://www.chess.com"]

[Event "Titled Tuesday Blitz January 31 Early 2023"]
[White "Oro, Faustino"]
[Black "Ronka, Erik"]
[WhiteFideId "20000197"]
[BlackFideId "505080"]
[WhiteElo "2269"]
[BlackElo "2276"]
[Result "1-0"]
[Round "11"]
[TimeControl "180+2"]
[Date "2023.01.31"]
[WhiteClock "0:02:18"]
[BlackClock "0:01:25"]

1. Nf3 g6 2. e4 Bg7 3. d4 d6 4. Bd3 Nf6 5. O-O O-O 6. c3 Nc6 7. Nbd2 e5 8. Re1 h6 9. h3 Bd7 10. Nf1 Re8 11. Ng3 Qe7 12. Be3 Rad8 13. Qd2 Qf8 14. Rad1 b6 15. Qc1 Kh7 16. Bb5 exd4 17. cxd4 Ne5 18. dxe5 Bxb5 19. exf6 Bxf6 20. Bd4 Qg7 21. Bxf6 Qxf6 22. Qxc7 1-0


[Site "https://www.chess.com"]

[Event "Titled Tuesday Blitz January 31 Early 2023"]
[White "Abdilkhair, Abilmansur"]
[Black "Kvaloy, Aksel Bu"]
[WhiteFideId "13716417"]
[BlackFideId "1528815"]
[WhiteElo "2268"]
[BlackElo "2321"]
[Result "0-1"]
[Round "11"]
[TimeControl "180+2"]
[Date "2023.01.31"]
[WhiteClock "0:00:05"]
[BlackClock "0:00:11"]

1. d4 Nf6 2. c4 e6 3. g3 d5 4. Bg2 dxc4 5. Qa4+ Nbd7 6. Qxc4 a6 7. Nf3 b5 8. Qc6 Ra7 9. Bf4 Bb7 10. Qc1 c5 11. O-O Be7 12. Rd1 O-O 13. dxc5 Bxc5 14. Nc3 Qb6 15. Rf1 Raa8 16. a3 a5 17. Qb1 Rac8 18. Nd2 Bxg2 19. Kxg2 Rfd8 20. Nde4 Nxe4 21. Qxe4 Bd4 22. Rac1 Bxc3 23. Rxc3 Rxc3 24. bxc3 Nf6 25. Qf3 Qc5 26. Rb1 h6 27. Qb7 Qxa3 28. Qxb5 Qxc3 29. Be5 Qc2 30. Bxf6 gxf6 31. Qxa5 Qe4+ 32. f3 Qxe2+ 33. Kh3 Rd5 34. Rb8+ Kg7 35. Qa8 Rh5+ 36. Kg4 f5+ 37. Kf4 Qd2+ 38. Ke5 f4+ 39. Ke4 Qe3# 0-1


[Site "https://www.chess.com"]

[Event "Titled Tuesday Blitz January 31 Early 2023"]
[White "Lewtak, Damian"]
[Black "Lucassen, Mickey"]
[WhiteFideId "1141724"]
[BlackFideId "12919110"]
[WhiteElo "2381"]
[BlackElo "2023"]
[Result "0-1"]
[Round "11"]
[TimeControl "180+2"]
[Date "2023.01.31"]
[WhiteClock "0:00:35"]
[BlackClock "0:00:15"]

1. e4 c5 2. Nf3 d6 3. Bb5+ Bd7 4. Bxd7+ Qxd7 5. O-O Nc6 6. c3 Nf6 7. Qe2 e6 8. d4 cxd4 9. cxd4 d5 10. e5 Ne4 11. Nbd2 Nxd2 12. Bxd2 Bb4 13. Bf4 O-O 14. g3 a5 15. a4 Be7 16. h4 Nb4 17. Rfc1 Rac8 18. Qb5 Qxb5 19. axb5 b6 20. Rc3 Nc2 21. Rxc8 Rxc8 22. Rc1 Rc4 23. b3 Rc3 24. Ne1 Nxd4 25. Rxc3 Ne2+ 26. Kf1 Nxc3 27. Be3 Bd8 28. Nc2 Nxb5 29. Ke2 Na7 30. Nd4 Be7 31. Kd3 Bc5 32. f4 g6 33. g4 b5 34. h5 Bxd4 35. Kxd4 a4 36. b4 a3 37. Kc5 a2 38. Bd4 Kf8 39. Kb6 Nc8+ 40. Kxb5 Ke7 41. Ka6 Kd7 42. b5 gxh5 43. gxh5 Ne7 44. Kb7 Nf5 45. Bb2 d4 46. Ka6 d3 47. b6 d2 48. b7 d1=Q 49. b8=Q Qa4+ 0-1


[Site "https://www.chess.com"]

[Event "Titled Tuesday Blitz January 31 Early 2023"]
[White "Gureeva, Dina"]
[Black "Kosakowski, Jakub"]
[WhiteFideId "4170695"]
[BlackFideId "1185080"]
[WhiteElo "2178"]
[BlackElo "2485"]
[Result "0-1"]
[Round "11"]
[TimeControl "180+2"]
[Date "2023.01.31"]
[WhiteClock "0:01:13"]
[BlackClock "0:01:11"]

1. d4 d5 2. c4 e6 3. Nc3 Nf6 4. cxd5 Nxd5 5. e4 Nxc3 6. bxc3 c5 7. Bb5+ Bd7 8. Bxd7+ Nxd7 9. Ne2 cxd4 10. cxd4 Bb4+ 11. Bd2 Bxd2+ 12. Qxd2 O-O 13. O-O Qe7 14. Rfd1 Rfd8 15. Rab1 Nf6 16. f3 Rac8 17. Qb4 Qxb4 18. Rxb4 Rc2 19. Kf2 b6 20. a4 Rdc8 21. Ke3 Ra2 22. Rd3 g5 23. g4 Rcc2 24. Ng3 Rxh2 25. Rc3 Rhg2 26. Nh5 Rge2+ 27. Kd3 Rad2+ 28. Kc4 Nxh5 29. gxh5 g4 30. e5 g3 31. f4 g2 32. Rg3+ Kf8 33. Rb1 Re4 34. Rg1 Rexd4+ 35. Kb5 Rb2+ 36. Kc6 Rxf4 37. h6 Rc4+ 38. Kb7 Rxa4 39. Rg7 Rh4 40. Rc1 Rxh6 41. Rg3 Rg6 0-1


[Site "https://www.chess.com"]

[Event "Titled Tuesday Blitz January 31 Early 2023"]
[White "Kochetov, Andrey"]
[Black "Rakhmatullaev, Almas"]
[WhiteFideId "24130532"]
[BlackFideId "14205793"]
[WhiteElo "2165"]
[BlackElo "2275"]
[Result "1/2-1/2"]
[Round "11"]
[TimeControl "180+2"]
[Date "2023.01.31"]
[WhiteClock "0:00:05"]
[BlackClock "0:00:04"]

1. e4 e5 2. Nf3 Nf6 3. Nxe5 Nxe4 4. Qe2 Qe7 5. Qxe4 d6 6. d4 dxe5 7. dxe5 Nc6 8. Nc3 Qxe5 9. Bf4 Qxe4+ 10. Nxe4 Bf5 11. Bd3 Nb4 12. O-O-O Nxd3+ 13. Rxd3 Bxe4 14. Re1 f5 15. f3 Bb4 16. c3 O-O 17. fxe4 fxe4 18. Rxe4 Ba5 19. Rd7 Rf7 20. Red4 Raf8 21. Rxf7 Rxf7 22. Rd8+ Rf8 23. Rxf8+ Kxf8 24. Kc2 Ke7 25. Kd3 Ke6 26. Ke4 c6 27. c4 g6 28. b3 a6 29. h3 Bc3 30. Bg3 Bf6 31. Bf4 g5 32. Be3 h5 33. g4 h4 34. Bb6 Be7 35. Be3 c5 36. a4 b6 37. Bd2 Bd8 38. b4 cxb4 39. Bxb4 Bf6 40. Bd2 Be7 41. Be3 Bd8 42. Bd4 Bc7 43. Bc3 Bf4 44. Bd4 Bc7 45. Be3 Bd8 46. Bd2 Bf6 47. Bb4 Be5 48. Bf8 Bb2 49. Bh6 Bc1 50. Bf8 Bf4 51. Bb4 Be5 52. c5 b5 53. axb5 axb5 54. c6 Bd6 55. Bd2 Be7 56. Kd4 Bd8 57. Kc5 b4 58. Kxb4 Kd6 59. Kb5 Kd5 60. Bb4 Ke4 61. Ka6 Kf3 62. Kb7 Kg2 63. Be7 Ba5 64. Bxg5 Kxh3 65. Be7 Kxg4 66. Bb4 Bd8 67. Kc8 Bb6 68. Kb7 Bd8 69. Bd6 h3 70. Be5 Kf3 71. c7 Bxc7 72. Bxc7 Kg2 73. Kc8 h2 74. Bxh2 1/2-1/2


[Site "https://www.chess.com"]

[Event "Titled Tuesday Blitz January 31 Early 2023"]
[White "Kleiman, Jake"]
[Black "Vlassov, Nikolai"]
[WhiteFideId "2020041"]
[BlackFideId "4103360"]
[WhiteElo "2399"]
[BlackElo "2283"]
[Result "1-0"]
[Round "11"]
[TimeControl "180+2"]
[Date "2023.01.31"]
[WhiteClock "0:01:25"]
[BlackClock "0:01:03"]

1. e4 c5 2. Nf3 d6 3. Bb5+ Nc6 4. Bxc6+ bxc6 5. e5 g6 6. exd6 exd6 7. O-O Bg7 8. Re1+ Ne7 9. d3 O-O 10. Nc3 h6 11. d4 cxd4 12. Nxd4 c5 13. Ndb5 d5 14. Bf4 d4 15. Ne4 Qb6 16. Bd6 Qxb5 17. Bxe7 c4 18. Bxf8 Kxf8 19. Nd6 Qd7 20. Re8+ Qxe8 21. Nxe8 Kxe8 22. Qf3 Rb8 23. Qc6+ Kf8 24. Qd6+ 1-0


[Site "https://www.chess.com"]

[Event "Titled Tuesday Blitz January 31 Early 2023"]
[White "Souleidis, Georgios"]
[Black "Ljukin, Sergei"]
[WhiteFideId "4206827"]
[BlackFideId "14102200"]
[WhiteElo "2419"]
[BlackElo "2362"]
[Result "0-1"]
[Round "11"]
[TimeControl "180+2"]
[Date "2023.01.31"]
[WhiteClock "0:00:03"]
[BlackClock "0:00:04"]

1. e4 e6 2. d4 d5 3. exd5 exd5 4. Nf3 Nf6 5. Bd3 c5 6. O-O Nc6 7. Re1+ Be7 8. dxc5 O-O 9. Nbd2 Bxc5 10. Nb3 Bb6 11. h3 h6 12. Be3 Be6 13. Bxb6 Qxb6 14. c3 Rae8 15. Qd2 Bd7 16. Nbd4 Ne4 17. Qc2 f5 18. a3 Re7 19. Rad1 Rfe8 20. Qb1 Nxd4 21. cxd4 Be6 22. Qc2 Bf7 23. Ne5 Bh5 24. Be2 Rc7 25. Qa4 Rxe5 26. Bxh5 Ree7 27. Bf3 Qxb2 28. Bxe4 fxe4 29. Qxa7 Rf7 30. Rf1 Rc2 31. Qb8+ Kh7 32. Qg3 Rc3 33. Qe5 Qxa3 34. Qxd5 Re7 35. Qf5+ Kg8 36. d5 e3 37. fxe3 Rcxe3 38. d6 R7e5 39. Qf7+ Kh7 40. d7 Qc5 41. Kh1 Qc3 0-1


[Site "https://www.chess.com"]

[Event "Titled Tuesday Blitz January 31 Early 2023"]
[White "Bochnicka, Vladimir"]
[Black "Ordekalog"]
[WhiteFideId "14943450"]
[WhiteElo "2327"]
[BlackElo "2589"]
[Result "0-1"]
[Round "11"]
[TimeControl "180+2"]
[Date "2023.01.31"]
[WhiteClock "0:00:17"]
[BlackClock "0:01:27"]

1. e4 d5 2. exd5 Qxd5 3. Nc3 Qa5 4. d4 Nf6 5. Nf3 Bg4 6. h3 Bh5 7. g4 Bg6 8. Ne5 Nbd7 9. Nc4 Qa6 10. Bf4 Qe6+ 11. Ne3 Qb6 12. Qd2 Ne4 13. Nxe4 Bxe4 14. Rg1 Qxb2 15. Rc1 e6 16. Nc4 Qxa2 17. Bxc7 Rc8 18. Qf4 Bd5 19. Nd6+ Bxd6 20. Qxd6 Qb2 21. Qf4 Qc3+ 0-1


[Site "https://www.chess.com"]

[Event "Titled Tuesday Blitz January 31 Early 2023"]
[White "Ambartsumova, Karina"]
[Black "Vetokhin, Ilia"]
[WhiteFideId "4166299"]
[BlackFideId "24156078"]
[WhiteElo "2393"]
[BlackElo "2305"]
[Result "1/2-1/2"]
[Round "11"]
[TimeControl "180+2"]
[Date "2023.01.31"]
[WhiteClock "0:00:06"]
[BlackClock "0:00:09"]

1. e4 c5 2. Nf3 Nc6 3. d4 cxd4 4. Nxd4 Nf6 5. Nc3 d6 6. Bg5 e6 7. Qd2 a6 8. O-O-O Bd7 9. f3 Be7 10. h4 b5 11. g4 Qb6 12. Be3 Qa5 13. Nb3 Qc7 14. Kb1 Ne5 15. g5 Nh5 16. f4 Nc4 17. Bxc4 Qxc4 18. Rhe1 a5 19. Nc5 Rc8 20. Nxd7 Kxd7 21. e5 d5 22. Ne2 a4 23. Nd4 b4 24. f5 a3 25. fxe6+ fxe6 26. Qg2 Bc5 27. Nxe6 Kxe6 28. Bxc5 Qxc5 29. Qg4+ Ke7 30. Re2 b3 31. axb3 a2+ 32. Ka1 g6 33. e6 Ng7 34. Qa4 Rc7 35. Rf1 Nf5 36. h5 Rd8 37. hxg6 hxg6 38. Rh1 Rg8 39. Rh7+ Rg7 40. Rh1 Qc6 41. Qf4 Qd6 42. Qa4 Qc6 43. Qb4+ Qd6 44. Qb8 Rc6 45. Qh8 Rc7 46. Rh7 Rxh7 47. Qxh7+ Kd8 48. Qg8+ Ke7 49. Qf7+ Kd8 50. Qxg6 Ne7 51. Qf7 Kc8 52. g6 Qg3 53. Qe8+ Kb7 54. g7 Qg1+ 55. Kxa2 Qa7+ 56. Qa4 Qg1 57. Qb5+ Kc8 58. Qe8+ Kb7 59. Qf8 Kb6 60. b4 Ra7+ 61. Kb3 Qg3+ 62. c3 d4 63. Qe8 dxc3 64. bxc3 Qd3 65. Rg2 Qd1+ 66. Rc2 Qb1+ 67. Rb2 Qd1+ 68. Rc2 Qb1+ 69. Rb2 Qd1+ 70. Rc2 1/2-1/2


[Site "https://www.chess.com"]

[Event "Titled Tuesday Blitz January 31 Early 2023"]
[White "Vagman, Roy"]
[Black "Sukandar, Irine Kharisma"]
[WhiteFideId "2828995"]
[BlackFideId "7101937"]
[WhiteElo "2273"]
[BlackElo "2390"]
[Result "0-1"]
[Round "11"]
[TimeControl "180+2"]
[Date "2023.01.31"]
[WhiteClock "0:00:11"]
[BlackClock "0:00:23"]

1. Nf3 c5 2. e3 Nf6 3. Be2 d5 4. b3 Nc6 5. Bb2 g6 6. O-O Bg7 7. d4 Ne4 8. c4 cxd4 9. Nxd4 O-O 10. Nxc6 bxc6 11. Bxg7 Kxg7 12. Nc3 Nxc3 13. Qd4+ e5 14. Qxc3 d4 15. exd4 exd4 16. Qg3 Qf6 17. Rad1 Bf5 18. Bf3 Rac8 19. Rfe1 c5 20. Bd5 Rfe8 21. h4 h5 22. Kh2 Bg4 23. f3 Bf5 24. Qf4 Bc2 25. Qxf6+ Kxf6 26. Rxe8 Rxe8 27. Rd2 d3 28. Kg3 Ke5 29. Bxf7 Re7 30. Bd5 Kd4 31. Be4 Kc3 32. Rf2 d2 33. Bxc2 Kxc2 34. Kf4 Kd3 35. Rxd2+ Kxd2 36. g4 Rf7+ 37. Ke4 Ke2 38. gxh5 gxh5 39. f4 Kf2 40. f5 Kg3 41. Ke5 Kxh4 42. f6 Kg5 43. b4 Rxf6 44. bxc5 h4 45. Kd5 h3 46. c6 h2 47. c7 h1=Q+ 48. Kd4 Qc6 0-1


[Site "https://www.chess.com"]

[Event "Titled Tuesday Blitz January 31 Early 2023"]
[White "Erzhanov, Arman"]
[Black "Kalogeris, Ioannis"]
[WhiteFideId "4138821"]
[BlackFideId "4239563"]
[WhiteElo "2228"]
[BlackElo "2423"]
[Result "0-1"]
[Round "11"]
[TimeControl "180+2"]
[Date "2023.01.31"]
[WhiteClock "0:00:07"]
[BlackClock "0:00:39"]

1. e4 e5 2. Nf3 Nc6 3. Bb5 a6 4. Ba4 b5 5. Bb3 Nf6 6. d3 Bc5 7. O-O O-O 8. c3 d6 9. a4 Bg4 10. h3 Bh5 11. Nbd2 Bb6 12. Re1 Rb8 13. Nf1 b4 14. Bc4 Qc8 15. Ng3 Bg6 16. Nh4 bxc3 17. bxc3 Na5 18. Ba2 Qb7 19. Rb1 Qa7 20. Qf3 Nb7 21. Bg5 Nd7 22. Nhf5 Kh8 23. h4 f6 24. Bd2 Bf7 25. Bxf7 Rxf7 26. h5 Nbc5 27. Ra1 Nb3 28. Ra2 Nxd2 29. Rxd2 Ba5 30. Rc2 Rb3 31. Rec1 Nf8 32. h6 g6 33. Ng7 Qb8 34. Qg4 Rb1 35. Kh2 Rxc1 36. Rxc1 Qb2 37. Ne2 Qd2 38. Qf3 Qxh6+ 39. Nh5 Qxh5+ 40. Qxh5 gxh5 41. Rb1 Bb6 42. f4 f5 43. fxe5 fxe4 44. d4 dxe5 45. dxe5 Ng6 46. e6 Re7 47. Ng3 Rxe6 48. Nxh5 e3 49. a5 Ba7 50. Rb7 e2 51. Rxa7 Re8 0-1


[Site "https://www.chess.com"]

[Event "Titled Tuesday Blitz January 31 Early 2023"]
[White "Zong, Davis"]
[Black "Najdin, Danil"]
[WhiteFideId "30903955"]
[BlackFideId "4172426"]
[WhiteElo "2151"]
[BlackElo "2235"]
[Result "0-1"]
[Round "11"]
[TimeControl "180+2"]
[Date "2023.01.31"]
[WhiteClock "0:00:15"]
[BlackClock "0:00:05"]

1. e4 e5 2. Nf3 Nc6 3. Bb5 a6 4. Ba4 Nf6 5. O-O b5 6. Bb3 Bc5 7. c3 d6 8. d4 Bb6 9. Re1 Bg4 10. d5 Ne7 11. Bg5 Ng6 12. a4 Rb8 13. a5 Ba7 14. Nbd2 h6 15. Be3 Ra8 16. Bxa7 Rxa7 17. h3 Bd7 18. Kh2 Nf4 19. Nf1 N6h5 20. Ng1 Nf6 21. g3 Ng6 22. Bc2 h5 23. h4 Ng4+ 24. Kg2 Nxh4+ 25. gxh4 Qxh4 26. Qe2 Rh6 27. Nf3 Qf6 28. Qe3 Ra8 29. Qg5 Qxg5 30. Nxg5 Rg6 31. f4 exf4 32. Kf3 Rxg5 33. Kxf4 f6 34. Ng3 Ne5 35. Nf5 g6 36. Nd4 Kf7 37. Rg1 Rxg1 38. Rxg1 g5+ 39. Ke3 Re8 40. b3 h4 41. Bd1 h3 42. Bh5+ Ng6 43. Kf3 Kg7 44. Ke3 Rh8 45. Bf3 h2 46. Rh1 Rh3 47. Kf2 Nh4 48. Ke2 Nxf3 49. Nxf3 Bg4 50. Kf2 Rxf3+ 51. Kg2 Rxc3 52. Rxh2 Rc2+ 53. Kg3 Rxh2 54. Kxh2 Bf3 55. Kg3 Bxe4 56. b4 Bxd5 57. Kg4 Kg6 58. Kg3 Kf5 59. Kf2 Ke4 60. Kg3 Kd4 61. Kg4 Kc4 62. Kf5 Kxb4 63. Kg6 Kxa5 64. Kf5 Kb4 65. Kg4 Kc5 66. Kg3 Kd4 67. Kf2 f5 68. Kg3 f4+ 69. Kg4 Ke3 70. Kh3 g4+ 71. Kh2 g3+ 72. Kg1 f3 73. Kf1 Bc4+ 74. Kg1 f2+ 75. Kg2 f1=Q+ 76. Kxg3 Qg1+ 77. Kh4 Kf4 78. Kh5 Kf5 79. Kh4 Qg4# 0-1


[Site "https://www.chess.com"]

[Event "Titled Tuesday Blitz January 31 Early 2023"]
[White "Al-Tarboush, Ward"]
[Black "Manukian, Artak"]
[WhiteFideId "7601450"]
[BlackFideId "13301373"]
[WhiteElo "2256"]
[BlackElo "2196"]
[Result "1-0"]
[Round "11"]
[TimeControl "180+2"]
[Date "2023.01.31"]
[WhiteClock "0:00:51"]
[BlackClock "0:00:02"]

1. e4 c6 2. Nf3 d5 3. Nc3 dxe4 4. Nxe4 Nf6 5. Nxf6+ exf6 6. Bc4 Bd6 7. Qe2+ Qe7 8. Qxe7+ Kxe7 9. O-O Be6 10. Re1 Re8 11. d4 Kd7 12. Bd3 h6 13. Be3 b5 14. c3 Na6 15. a4 Nc7 16. axb5 cxb5 17. Nd2 a5 18. Ne4 Bf8 19. Bf4 Bc4 20. Bxc4 bxc4 21. Nd2 Nd5 22. Rxe8 Kxe8 23. Bg3 a4 24. Nxc4 a3 25. Nxa3 Bxa3 26. Rxa3 Rxa3 27. bxa3 Nxc3 28. Kf1 Nb5 29. a4 Nxd4 30. Bd6 g6 31. Bc5 Nc6 32. Ke2 Kd7 33. Kd3 Ne5+ 34. Kc3 Kc6 35. Bd4 Nd7 36. Kc4 f5 37. a5 Nb8 38. Bc3 Na6 39. Kd4 Nc7 40. Ke5 Kd7 41. Bd4 h5 42. Bb6 Na6 43. Kf6 Ke8 44. h4 Nb4 45. f3 Nd5+ 46. Kg7 Nb4 47. Bc5 Na6 48. Bd6 Kd7 49. Ba3 Ke6 50. g3 Nc7 51. Bc1 Na6 52. Bf4 Nc5 53. Kh6 Na6 54. Kg7 Nc5 55. Kf8 Na6 56. Ke8 f6 57. Kf8 g5 58. hxg5 fxg5 59. Bxg5 Nb4 60. Kg7 Na6 61. Kh6 Nc5 62. Kxh5 Na6 63. Bf4 Kf6 64. g4 fxg4 65. fxg4 Nb4 66. Kh6 Kf7 67. Kh7 Nd5 68. Be5 Ke6 69. Bd4 Nb4 70. g5 1-0


[Site "https://www.chess.com"]

[Event "Titled Tuesday Blitz January 31 Early 2023"]
[White "Nguyen Hong Nhung"]
[Black "Ismagilov, Damir"]
[WhiteFideId "12412201"]
[BlackFideId "34199982"]
[WhiteElo "2003"]
[BlackElo "2156"]
[Result "1-0"]
[Round "11"]
[TimeControl "180+2"]
[Date "2023.01.31"]
[WhiteClock "0:00:23"]
[BlackClock "0:01:09"]

1. e4 c6 2. d4 d5 3. f3 dxe4 4. fxe4 g6 5. Nf3 Bg7 6. e5 Bg4 7. Be2 Nh6 8. O-O Nf5 9. c3 Nd7 10. Bf4 e6 11. Nbd2 h5 12. Ne4 Qb6 13. Qb3 O-O-O 14. h3 Bxf3 15. Rxf3 c5 16. g4 hxg4 17. hxg4 Nh4 18. Rh3 cxd4 19. Nd6+ Kb8 20. Qxb6 Nxb6 21. Nxf7 d3 22. Nxd8 Rxd8 23. Bxd3 Nd5 24. Bg5 Rf8 25. Bxh4 Bxe5 26. Bg3 Bxg3 27. Rxg3 Nf4 28. Rf1 g5 29. Rgf3 Rd8 30. Bc4 Rd2 31. R3f2 Rd6 32. Kh2 a6 33. Kg3 b5 34. Bb3 Rd3+ 35. Rf3 Rd2 36. Rxf4 gxf4+ 37. Kxf4 Rxb2 38. Re1 Rf2+ 39. Kg3 Rd2 40. Re3 e5 41. g5 Kc7 42. g6 Rd6 43. Bf7 Rd1 44. Rxe5 Kd6 45. Re3 Rg1+ 46. Kf4 Rf1+ 47. Rf3 Rg1 48. Kf5 Ke7 49. Ke5 Re1+ 50. Kd4 Rg1 51. Kc5 Kf8 52. Kb6 Rb1 53. Kxa6 b4 54. Bb3+ Kg7 55. cxb4 Kxg6 56. Bc2+ Kg5 57. Bxb1 Kg4 58. Rf5 Kg3 59. b5 Kg2 60. b6 Kh2 61. b7 Kg2 62. b8=Q Kg1 63. Qg8+ Kh1 64. Rh5# 1-0


[Site "https://www.chess.com"]

[Event "Titled Tuesday Blitz January 31 Early 2023"]
[White "Senthil, Maran K"]
[Black "Rodriguez, Santiago"]
[WhiteFideId "25035681"]
[BlackFideId "3000591"]
[WhiteElo "2209"]
[BlackElo "2252"]
[Result "1-0"]
[Round "11"]
[TimeControl "180+2"]
[Date "2023.01.31"]
[WhiteClock "0:00:42"]
[BlackClock "0:00:04"]

1. d4 Nf6 2. c4 e6 3. g3 d5 4. Bg2 Be7 5. Nf3 O-O 6. Qc2 b6 7. cxd5 exd5 8. O-O Bb7 9. Nc3 Nbd7 10. Ne5 c5 11. Nxd7 Qxd7 12. dxc5 bxc5 13. Rd1 d4 14. Ne4 Nxe4 15. Bxe4 Bxe4 16. Qxe4 Rfe8 17. Qd3 Qd5 18. b3 a5 19. Bf4 a4 20. Rac1 axb3 21. Qxb3 Qxb3 22. axb3 Ra2 23. Kf1 g5 24. Bd2 Rb8 25. e3 Rxb3 26. exd4 Rbb2 27. Be3 cxd4 28. Rc8+ Bf8 29. Rxd4 Kg7 30. Rdd8 Rb1+ 31. Kg2 Be7 32. Rd7 Bf6 33. Rcc7 Kg6 34. Rxf7 Rb3 35. Kf3 h5 36. h3 Ra4 37. Rf8 g4+ 38. Kg2 Ra2 39. Rc6 Rxe3 40. Rfxf6+ Kg7 41. hxg4 hxg4 42. Rg6+ Kh7 43. Rxg4 Ree2 44. Rf6 Ra5 45. Rff4 Ree5 46. Kh3 Ra1 47. Kg2 Raa5 48. Rd4 Ra2 49. Rd1 Rh5 50. Rf4 Kh8 51. Rh1 Rxh1 52. Kxh1 Kh7 53. Kg2 Kg6 54. Rb4 Ra5 55. g4 Kg5 56. Kg3 Ra3+ 57. f3 Rc3 58. Rb5+ Kg6 59. Rb4 Ra3 60. Kf4 Ra5 61. Rb6+ Kh7 62. g5 Ra4+ 63. Kf5 Ra5+ 64. Kg4 Ra4+ 65. f4 Ra1 66. Rb7+ Kg8 67. f5 Rg1+ 68. Kh5 Kh8 69. Kg6 Rb1 70. Rxb1 1-0


[Site "https://www.chess.com"]

[Event "Titled Tuesday Blitz January 31 Early 2023"]
[White "Wahedi, Ahmad Siar"]
[Black "Borrmann, Laurenz"]
[WhiteFideId "4651260"]
[BlackFideId "312187930"]
[WhiteElo "2274"]
[BlackElo "2304"]
[Result "1-0"]
[Round "11"]
[TimeControl "180+2"]
[Date "2023.01.31"]
[WhiteClock "0:00:26"]
[BlackClock "0:00:02"]

1. e4 c6 2. d4 d5 3. e5 Bf5 4. h4 h5 5. Bd3 Bxd3 6. Qxd3 Qa5+ 7. Nd2 e6 8. Nf3 Nh6 9. O-O Nf5 10. a4 Be7 11. g3 Qa6 12. c4 Nd7 13. Qc2 dxc4 14. Nxc4 Nb6 15. b3 Nd5 16. Bd2 O-O 17. Qe4 c5 18. g4 hxg4 19. Qxg4 cxd4 20. Nxd4 Nxd4 21. Qxd4 Rfd8 22. Qg4 Nb6 23. Bh6 Bf8 24. Nd6 Nc8 25. Ne4 Kh8 26. Bg5 Ne7 27. Qh5+ Kg8 28. Bf6 Qd3 29. Qg4 Rd4 30. Rae1 Nf5 31. Kh1 g6 32. Rg1 Bg7 33. h5 Bxf6 34. Nxf6+ Kf8 35. Ne4 gxh5 36. Qxh5 Rxe4 37. Qh8+ Ke7 38. Qf6+ Kd7 39. Rd1 Rh4+ 40. Qxh4 1-0


[Site "https://www.chess.com"]

[Event "Titled Tuesday Blitz January 31 Early 2023"]
[White "Toncheva, Nadya"]
[Black "Donskov, Anatoly"]
[WhiteFideId "2924056"]
[BlackFideId "24143413"]
[WhiteElo "2295"]
[BlackElo "2279"]
[Result "1-0"]
[Round "11"]
[TimeControl "180+2"]
[Date "2023.01.31"]
[WhiteClock "0:01:00"]
[BlackClock "0:00:01"]

1. d4 d5 2. c4 dxc4 3. e3 Nf6 4. Nf3 e6 5. Bxc4 c5 6. O-O a6 7. dxc5 Bxc5 8. Qxd8+ Kxd8 9. Rd1+ Ke7 10. Nc3 b5 11. Be2 Bb7 12. a3 Nbd7 13. b4 Bd6 14. Bb2 Rhc8 15. Rac1 g6 16. Nb1 Bd5 17. Nbd2 Nb6 18. Nd4 e5 19. N4b3 Rxc1 20. Rxc1 Rc8 21. Rxc8 Nxc8 22. f3 Nd7 23. e4 Be6 24. Na5 f5 25. Kf2 Bc7 26. Nb7 Bb6+ 27. Ke1 Nd6 28. Nxd6 Kxd6 29. exf5 gxf5 30. Bd3 Nf6 31. Ke2 Nd5 32. g3 h5 33. Nb3 Nxb4 34. axb4 Bxb3 35. Bxf5 Kd5 36. Bc8 Bd4 37. Bc1 Kc4 38. Bd2 Kd5 39. Bxa6 Bc4+ 40. Ke1 Bg1 41. h4 Kd4 42. Bb7 Be3 43. Be4 Bg1 44. Bg6 Bd5 45. Bxh5 e4 46. fxe4 Bxe4 47. Be2 Bh2 48. Kf2 1-0


[Site "https://www.chess.com"]

[Event "Titled Tuesday Blitz January 31 Early 2023"]
[White "Ezat, Mohamed"]
[Black "Battlecruiser_Operational"]
[WhiteFideId "10600906"]
[WhiteElo "2402"]
[BlackElo "2422"]
[Result "1-0"]
[Round "11"]
[TimeControl "180+2"]
[Date "2023.01.31"]
[WhiteClock "0:00:15"]
[BlackClock "0:00:02"]

1. d4 e6 2. c4 f5 3. Nc3 Nf6 4. d5 Bb4 5. Bd2 O-O 6. Nf3 d6 7. dxe6 Bxe6 8. e3 Nc6 9. Be2 Ne5 10. Nd4 Bd7 11. O-O a5 12. a3 Bxc3 13. Bxc3 Ne4 14. Rc1 a4 15. Nf3 Nxc3 16. Rxc3 Bc6 17. c5 Rf6 18. Nd4 dxc5 19. Rxc5 Qe7 20. Qc1 Rg6 21. Nxc6 Rxc6 22. Rxc6 Nxc6 23. Bf3 Ra6 24. Rd1 h6 25. Qc2 Qf6 26. h3 Kh7 27. g4 Ne5 28. Be2 Rc6 29. Qxa4 fxg4 30. Qe4+ Ng6 31. hxg4 Qxb2 32. Bd3 Qxa3 33. Rb1 Rc1+ 34. Rxc1 Qxc1+ 35. Kg2 Qc6 36. Qxc6 bxc6 37. Be4 c5 38. Kf1 c4 39. Ke2 c5 40. Kd2 h5 41. gxh5 Kh6 42. hxg6 1-0


[Site "https://www.chess.com"]